 Dungeon Crawl Stone Soup version 0.28.0-45-g0d030f2227 (webtiles) character file.

Game seed: 14767494528568961656

53 CryoSword the Shield-Bearer (level 4, -2/37 HPs)
             Began as a Formicid Fighter on Apr 8, 2022.
             Slain by Eustachio
             ... wielding a +0 rapier
              (7 damage)
             ... on level 4 of the Dungeon.
             The game lasted 00:02:05 (2778 turns).

CryoSword the Shield-Bearer (Formicid Fighter)      Turns: 2778, Time: 00:02:06

Health: -2/37      AC:  6    Str: 21    XL:     4   Next: 11%
Magic:  4/4        EV:  9    Int:  7    God:
Gold:   99         SH:  5    Dex: 12    Spells: 3/3 levels left

rFire   . . .      SeeInvis +   a - +0 quarterstaff
rCold   . . .      Faith    .   c - +0 buckler
rNeg    . . .      Spirit   .   b - +0 scale mail
rPois   .          Reflect  .   (helmet unavailable)
rElec   .          Harm     .   (no cloak)
rCorr   .          Rampage  .   (no gloves)
Will    .....                   (no boots)
Stlth   ..........              (no amulet)
HPRegen 0.12/turn               (no ring)
MPRegen 0.09/turn               (no ring)

@: mighty
A: permanent stasis, dig shafts and tunnels, antennae 3, four strong arms
a: Dig, Shaft Self


You were on level 4 of the Dungeon.
You visited 1 branch of the dungeon, and saw 4 of its levels.

You collected 99 gold pieces.

Inventory:

Hand Weapons
 a - a +0 quarterstaff (weapon)
Missiles
 h - 13 boomerangs
Armour
 b - a +0 scale mail (worn)
 c - a +0 buckler (worn)
Jewellery
 s - an amulet of magic regeneration
   (You found it on level 3 of the Dungeon)
Scrolls
 e - a scroll of silence {unknown}
 g - a scroll of amnesia {unknown}
 i - 5 scrolls of identify {unknown}
 j - a scroll of magic mapping {unknown}
 n - a scroll of fog {unknown}
 p - a scroll of teleportation {unknown}
 r - a scroll of enchant armour {unknown}
Potions
 d - a potion of might
 f - 2 potions of heal wounds {unknown}
 k - a potion of mutation {unknown}
 l - 2 potions of haste {unknown}
 m - a potion of attraction {unknown}
 o - a potion of resistance {unknown}
 q - a potion of curing {unknown}


   Skills:
 * Level 3.7 Fighting
 * Level 2.9 Staves
 + Level 0.2 Throwing
 + Level 3.6 Armour
 + Level 0.2 Dodging
 + Level 4.1 Shields


You had 3 spell levels left.
You didn't know any spells.
Your spell library contained the following spells:

 Spells                   Type           Power      Damage    Failure   Level
 Summon Small Mammal      Summ           0%         N/A       83%         1
 Call Canine Familiar     Summ           0%         N/A       99%         3
 Summon Guardian Golem    Hex/Summ       0%         N/A       99%         3


Dungeon Overview and Level Annotations

Branches:
Dungeon (4/15)
 Temple: D:4-7

Altars:

Annotations:
D:4 Eustachio


Innate Abilities, Weirdness & Mutations

You cannot be hasted, slowed, berserked, paralysed or teleported.
You can dig through walls and to a lower floor.
You have a pair of large antennae on your head. (SInv)
Your four strong arms can wield two-handed weapons with a shield.


Message History

No target in view!
You see here a +0 robe.
Found 14 sling bullets.
s - an amulet of magic regeneration You enter a teleport trap!
The teleport trap disappears.
Found a stone staircase leading down.
Unknown command.
You see here 14 sling bullets.
There is a stone staircase leading up here.
Found an escape hatch in the ceiling.
A hobgoblin comes into view.
The hobgoblin moves out of view.
A hobgoblin is nearby!
A hobgoblin is nearby!
You closely miss the hobgoblin.
The hobgoblin hits you but does no damage.
The hobgoblin barely misses you.
You closely miss the hobgoblin.
The hobgoblin hits you but does no damage.
You hit the hobgoblin. The hobgoblin hits you.
You sock the hobgoblin!
You kill the hobgoblin!
No target in view!
No target in view!
No target in view!
No target in view!
No target in view!
There is an escape hatch in the ceiling here.
i - 5 scrolls labelled CET ZEUDORGHU (gained 1)
A rat comes into view.
A rat is nearby!
A rat is nearby!
A rat is nearby!
Found an emerald potion.
The rat closely misses you.
You closely miss the rat. You block the rat's attack.
You closely miss the rat. The rat bites you but does no damage.
You hit the rat.
You kill the rat!
No target in view!
No target in view!
No target in view!
No target in view!
No target in view!
No target in view!
No target in view!
No target in view!
f - 2 emerald potions (gained 1)
Found a mace.
A giant cockroach comes into view.
A giant cockroach is nearby!
A giant cockroach is nearby!
The giant cockroach waves its antennae.
You thump the giant cockroach!
You kill the giant cockroach!
No target in view!
No target in view!
No target in view!
No target in view!
No target in view!
No target in view!
An adder comes into view.
Found a long jewelled staff.
The adder hisses angrily.
The adder moves out of view.
An adder is nearby!
An adder is nearby!
You sock the adder! The adder bites you but does no damage.
You hit the adder.
The adder bites you but does no damage. x2
You hit the adder but do no damage. You block the adder's attack.
You miss the adder. The adder closely misses you.
The adder bites you but does no damage.
You barely miss the adder. The adder barely misses you. The adder bites you.
You are poisoned.
The adder poisons you!
You closely miss the adder.
You feel sick. The adder bites you but does no damage.
You miss the adder.
You feel sick. The adder bites you.
You are more poisoned.
The adder poisons you! You block the adder's attack.
You are too injured to fight recklessly!
You sock the adder!
You kill the adder!
You feel sick.
You have reached level 4!
You feel stronger.
You start resting.
You feel sick. x5
You are no longer poisoned.
You start resting.
You see here an adder corpse.
You see here a staff of cold.
An endoplasm is nearby!
An endoplasm is nearby!
An endoplasm is nearby!
The endoplasm jiggles.
The endoplasm closely misses you.
You hit the endoplasm but do no damage. The endoplasm barely misses you.
You sock the endoplasm!
You kill the endoplasm!
No target in view!
No target in view!
No target in view!
No target in view!
No target in view!
No target in view!
There is a stone staircase leading down here.
Done exploring.
Done exploring.
Done exploring.
Done exploring.
There is a stone staircase leading down here.
You climb downwards.
There is a stone staircase leading up here.
Eustachio is nearby!
Eustachio is nearby!
Eustachio hits you but does no damage.
You hit Eustachio.
Eustachio mumbles some strange words.
Eustachio blinks!
No target in view!
Eustachio casts a spell.
You closely miss Eustachio. Eustachio hits you with a +0 rapier.
You miss Eustachio. Eustachio hits you with a +0 rapier.
You sock Eustachio! Eustachio hits you with a +0 rapier.
You barely miss Eustachio. You block Eustachio's attack.
You hit Eustachio. Eustachio hits you with a +0 rapier.
Eustachio hits you with a +0 rapier!
* * * LOW HITPOINT WARNING * * *
You are too injured to fight recklessly!
You are too injured to fight recklessly!
You are too injured to fight recklessly!
You are too injured to fight recklessly!
You are too injured to fight recklessly!
You are too injured to fight recklessly!
You are too injured to fight recklessly!
You are too injured to fight recklessly!
You are too injured to fight recklessly!
You are too injured to fight recklessly!
You are too injured to fight recklessly!
You are too injured to fight recklessly!
You feel very mighty all of a sudden. Eustachio barely misses you.
You bludgeon Eustachio!! Eustachio hits you with a +0 rapier!
* * * LOW HITPOINT WARNING * * *
You closely miss Eustachio. Eustachio hits you with a +0 rapier.
* * * LOW HITPOINT WARNING * * *
You closely miss Eustachio.
Eustachio screams, "Hey, you killed my favourite bat!"
Eustachio hits you with a +0 rapier!
You die...

....#
... ...
... {
#####.#
#...#r#
#.#.#@#
#.#.#@#
#<....#
#######


You could see Eustachio and a river rat (summoned).

Vanquished Creatures
  An adder (D:3)
  A dart slug (D:1)
  6 endoplasms
  3 giant cockroaches
  5 goblins
  2 hobgoblins
  2 kobolds
  2 quokkas (D:3)
  7 ball pythons
  3 bats
  4 frilled lizards
  2 rats
38 creatures vanquished.

Notes
Turn   | Place    | Note
-------+----------+-------------------------------------------
     0 | D:1      | CryoSword the Formicid Fighter began the quest for the Orb.
     0 | D:1      | Reached XP level 1. HP: 18/18 MP: 1/1
    60 | D:1      | Found a faded altar of an unknown god.
   352 | D:1      | Reached XP level 2. HP: 24/24 MP: 2/2
  1270 | D:2      | Reached XP level 3. HP: 29/29 MP: 3/3
  1870 | D:2      | You fall into a shaft and drop 1 floor!
  1876 | D:3      | Reached skill level 4 in Shields
  2498 | D:3      | Reached XP level 4. HP: 23/37 MP: 4/4
  2764 | D:4      | Noticed Eustachio
  2778 | D:4      | Slain by Eustachio

Illustrated notes

Levels and vault maps discovered:
D:1:      nagdon_arrival_double_spiral, layout_loops_ring,
          serial_co_window_serial, co_window_corner_a, co_window_paths_a,
          co_window_paths_a, co_window_paths_a, co_window_corner_a,
          co_window_corner_cb, co_window_of_opportunity_b, co_window_cross_4,
          co_window_sun, glass_columns_b, glass_columns_a, glass_columns_b,
          ebering_ecumenical_altar_sacrificial, minmay_tiny_reverse_x
D:2:      layout_basic, nicolae_elevator_lobby_plus
D:3:      layout_rooms
D:4:      layout_basic, gammafunk_temple_overflow_claw, serial_rivers,
          chequers_serial_rivers_small_3, chequers_serial_rivers_small_3,
          chequers_serial_rivers_micro_b, chequers_serial_rivers_micro_b,
          chequers_serial_rivers_marsh, uniq_eustachio

Skill      XL: |  1  2  3 |
---------------+----------+-----
Shields        | 4 |  4.1
Fighting       | |  3.7
Staves         | |  2.9
Throwing       | |  0.2
Armour         | |  3.6
Dodging        | |  0.2

Action                   |  1- 3 |  4- 6 || total
-------------------------+-------+-------++-------
Melee: Quarterstaff      |   109 |    11 ||   120
  Use: Potion            |       |     1 ||     1
Armor: Scale mail        |    58 |     1 ||    59
Dodge: Dodged            |    39 |     3 ||    42
Block: Buckler           |    22 |     1 ||    23
